 Dungeon Crawl Stone Soup version 0.28.0-49-g6dfe1f597d (webtiles) character file.

Game seed: 11846447434492775808

2228 klau3 the Cleaver (level 9, -2/118 HPs)
             Began as a Minotaur Berserker on May 18, 2022.
             Was a Priest of Trog.
             Engulfed by a cloud of steam (4 damage)
             ... on level 6 of the Dungeon on May 19, 2022.
             The game lasted 00:16:46 (7422 turns).

klau3 the Cleaver (Minotaur Berserker)              Turns: 7422, Time: 00:16:47

Health: -2/118     AC:  5    Str: 22    XL:     9   Next: 14%
Magic:  8/8        EV: 14    Int:  4    God:    Trog [***...]
Gold:   266        SH:  0    Dex: 14    Spells: 8/8 levels left

rFire   . . .      SeeInvis +   u - +0 war axe
rCold   . . .      Faith    .   (no shield)
rNeg    . . .      Spirit   .   b - +0 animal skin
rPois   .          Reflect  .   (helmet restricted)
rElec   .          Harm     .   (no cloak)
rCorr   +          Rampage  .   (no gloves)
Will    .....                   r - +2 pair of boots
Stlth   ..........              (no amulet)
HPRegen 0.29/turn               t - ring of see invisible
MPRegen 0.11/turn               o - ring of resist corrosion

@: berserking, very quick
A: horns 2, retaliatory headbutt
a: Renounce Religion, Berserk, Trog's Hand


You were on level 6 of the Dungeon.
You worshipped Trog.
Trog was most pleased with you.
You visited 1 branch of the dungeon, and saw 6 of its levels.

You collected 266 gold pieces.

Inventory:

Hand Weapons
 a - a +0 hand axe
 u - a +0 war axe (weapon)
Missiles
 p - 10 poisoned darts (quivered)
Armour
 b - a +0 animal skin (worn)
 r - a +2 pair of boots (worn)
Jewellery
 o - a ring of resist corrosion (right hand)
 t - a ring of see invisible (left hand)
Wands
 i - a wand of iceblast (5)
 w - a wand of mindburst (29)
 x - a wand of paralysis (5)
 y - a wand of digging (4)
Scrolls
 c - 8 scrolls of identify {unknown}
 d - 3 scrolls of enchant weapon {unknown}
 e - 3 scrolls of teleportation {unknown}
 h - 3 scrolls of noise {unknown}
 k - a scroll of vulnerability {unknown}
 n - 2 scrolls of enchant armour {unknown}
 z - 3 scrolls of amnesia {unknown}
Potions
 f - a potion of invisibility {unknown}
 g - a potion of berserk rage {unknown}
 j - a potion of magic {unknown}
 l - a potion of brilliance {unknown}
 m - 3 potions of curing {unknown}
 q - a potion of haste {unknown}
 s - 2 potions of heal wounds
 v - a potion of lignification {unknown}
 A - a potion of degeneration {unknown}
 B - a potion of flight {unknown}


   Skills:
 + Level 7.3 Fighting
 + Level 11.0 Axes
 + Level 2.5 Armour
 + Level 6.1 Dodging
 + Level 3.3 Stealth


You had 8 spell levels left.
You didn't know any spells.
Your spell library was empty.

Dungeon Overview and Level Annotations

Branches:
Dungeon (6/15)             Temple (0/1) D:4

Altars:
Kikubaaqudgha


Innate Abilities, Weirdness & Mutations

You have a pair of horns on your head.
You reflexively headbutt those who attack you in melee.


Message History

The steam dragon barely misses you.
The steam dragon claws you but does no damage.
You hit the steam dragon but do no damage.
You headbutt the steam dragon.
The steam dragon is heavily wounded.
The steam dragon bites you.
The steam dragon claws you but does no damage.
You closely miss the steam dragon.
The steam dragon is heavily wounded.
The steam dragon bites you. The steam dragon closely misses you.
You hit the steam dragon.
The steam dragon is heavily wounded.
The steam dragon breathes steam at you. The ball of steam hits you!!
* * * LOW HITPOINT WARNING * * *
You closely miss the steam dragon.
The steam dragon is heavily wounded.
You are engulfed in a cloud of scalding steam.
* * * LOW HITPOINT WARNING * * *
The steam dragon closely misses you.
The steam dragon claws you but does no damage.
A red film seems to cover your vision as you go berserk!
You feel yourself moving faster!
You feel mighty!
You can no longer call in reinforcements.
You are engulfed in a cloud of scalding steam.
* * * LOW HITPOINT WARNING * * *
The steam dragon bites you.
* * * LOW HITPOINT WARNING * * *
The steam dragon claws you.
* * * LOW HITPOINT WARNING * * *
You barely miss the steam dragon.
The steam dragon is heavily wounded.
You are engulfed in a cloud of scalding steam.
* * * LOW HITPOINT WARNING * * *
You slash the steam dragon! You headbutt the steam dragon.
You kill the steam dragon!
Trog accepts your kill.
The steam dragon scales are intact enough to wear.
You are engulfed in a cloud of scalding steam.
You die...

#.# ##....# #.#
#....#### #.#
###.#...# ##.##
#.......# ....#
#...#.### # ##..###
##..#....# .# #....#
#..##....#..#
##...####.#####.#...#
##.......#.#
#ยงยง@[...#
#........#.#
#...#.###
#........#.# ####....
#........#.# ....#
.........#.# ##...#
.........#.# ...#
#.####'###.# ..# #.#
#..##.# ## #.#
##.##.#


There were no monsters in sight!

Vanquished Creatures
  Pikel (D:4)
  A steam dragon (D:6)
  Eustachio (D:5)
  2 black bears
  A necrophage (D:5)
  3 ogres
  2 phantoms
  2 lemures (D:4)
  Blork the orc (D:5)
  4 hounds
  2 jellies (D:3)
  2 orc priests
  A gnoll shaman (D:5)
  4 orc wizards
  Natasha (thrice) (D:4)
  A hound zombie (D:5)
  10 adders
  17 gnolls
  3 river rats (D:5)
  A shadow imp (D:4)
  An ufetubus (D:5)
  2 adder skeletons (D:4)
  4 worms
  4 dart slugs
  17 orcs
  6 bats
  22 endoplasms
  A giant cockroach (D:4)
  4 hobgoblins
  2 jackals (D:1)
  3 frilled lizards
  7 goblins
  11 kobolds
  6 rats
152 creatures vanquished.

Vanquished Creatures (others)
  5 fungi (D:3)
  25 plants (D:5)
  8 toadstools (D:3)
38 creatures vanquished.

Grand Total: 190 creatures vanquished

Notes
Turn   | Place    | Note
-------+----------+-------------------------------------------
     0 | D:1      | klau3 the Minotaur Berserker began the quest for the Orb.
     0 | D:1      | Reached XP level 1. HP: 19/19 MP: 0/0
   366 | D:1      | Reached skill level 4 in Axes
   372 | D:1      | Reached XP level 2. HP: 15/27 MP: 1/1
  1196 | D:2      | Found an ancient bone altar of Kikubaaqudgha.
  1237 | D:2      | Reached XP level 3. HP: 33/33 MP: 2/2
  1825 | D:2      | Found a faded altar of an unknown god.
  2166 | D:2      | Reached skill level 5 in Axes
  2727 | D:3      | Reached XP level 4. HP: 41/41 MP: 3/3
  2908 | D:3      | Reached ** piety under Trog
  3036 | D:3      | Reached XP level 5. HP: 25/47 MP: 4/4
  3388 | D:3      | Reached skill level 6 in Axes
  3907 | D:3      | Reached skill level 1 in Stealth
  3907 | D:3      | Reached XP level 6. HP: 49/55 MP: 5/5
  4124 | D:4      | Noticed Natasha
  4132 | D:4      | Killed Natasha
  4154 | D:4      | Reached skill level 5 in Fighting
  4154 | D:4      | Reached skill level 7 in Axes
  4438 | D:4      | Noticed Pikel
  4450 | D:4      | Reached *** piety under Trog
  4453 | D:4      | Killed Pikel
  4454 | D:4      | Reached skill level 8 in Axes
  4454 | D:4      | Reached skill level 5 in Dodging
  4454 | D:4      | Reached XP level 7. HP: 40/62 MP: 6/6
  4680 | D:4      | Reached XP level 8. HP: 48/70 MP: 7/7
  5085 | D:4      | Noticed Natasha
  5101 | D:4      | Killed Natasha
  5102 | D:4      | Reached skill level 9 in Axes
  5129 | D:4      | Noticed Natasha
  5132 | D:4      | Killed Natasha
  5238 | D:4      | Found a staircase to the Ecumenical Temple.
  5367 | D:5      | Entered Level 5 of the Dungeon
  5780 | D:5      | Noticed Blork the orc
  5787 | D:5      | Killed Blork the orc
  5930 | D:5      | Reached skill level 10 in Axes
  6650 | D:5      | Noticed Eustachio
  6661 | D:5      | Killed Eustachio
  6927 | D:6      | Reached XP level 9. HP: 76/79 MP: 8/8
  6979 | D:6      | Reached **** piety under Trog
  6981 | D:6      | Reached skill level 11 in Axes
  7420 | D:6      | HP: 5/118 [steam dragon (5)]
  7420 | D:6      | HP: 2/118 [steam dragon (3)]
  7422 | D:6      | Engulfed by a cloud of steam

Illustrated notes

Levels and vault maps discovered:
D:1:      evilmike_arrival_crescent, layout_basic, serial_forest,
          infiniplex_forest_lined_4_way, infiniplex_forest_corner_1,
          infiniplex_forest_clump_diagonal, infiniplex_forest_split,
          infiniplex_forest_straight_2, infiniplex_forest_lined_2,
          infiniplex_forest_zigzag_2, infiniplex_forest_side_room,
          patterned_corridor
D:2:      layout_basic, basic_ecumenical_altar, basic_altar
D:3:      cheibrodos_fertilizer, layout_basic
D:4:      layout_rooms, minmay_temple_entry_mist, uniq_pikel, uniq_natasha
D:5:      wad_woods_settlement, layout_basic, uniq_eustachio, uniq_blork_the_orc
D:6:      layout_basic, hangedman_decor_push

Skill      XL: |  1  2  3  4  5  6  7  8  9 |
---------------+----------------------------+-----
Axes           | 4 5 6 8 10 11 | 11.0
Fighting       | 4 5 7 |  7.3
Dodging        | 3 5 6 |  6.1
Stealth        | 1 2 3 |  3.3
Armour         | |  2.5

Action                   |  1- 3 |  4- 6 |  7- 9 || total
-------------------------+-------+-------+-------++-------
Melee: Hand axe          |    76 |    87 |       ||   163
       Headbutt          |     8 |    18 |    31 ||    57
       War axe           |       |    23 |   150 ||   173
       Punch             |       |     2 |       ||     2
Invok: Berserk           |     3 |     5 |     4 ||    12
 Stab: Distracted        |       |     1 |       ||     1
       Sleeping          |       |       |     6 ||     6
Armor: Animal skin       |    13 |    34 |    32 ||    79
Dodge: Dodged            |    59 |    96 |    90 ||   245
